AoeStats
← ITA | MarknighT

Enclosed

504499402Analyzed
1v1 RM · 28d ago on Sep 5, 2026· 22m 45s· 2 players
Game mode
Random Map
Map size
Tiny (2 player)
Population
200
Speed
Normal
Resources
Standard
Victory
Conquest
Starting age
Dark Age
Ending age
Imperial Age
RankedLock teamsTeams togetherTeam positionsShared explorationLock speedFull tech treeHidden civsTurbo modeCheats
Victory
Defeat
🇫🇷 Japanese · France
1972
+12
🇮🇹 Japanese · Italy
1892
-12
ITA | MarknighT
8:56 Feudal Age
9:05 Man-at-Arms
10:17 Arson
10:28 Double-Bit Axe
20:00 Castle Age
18:45 Fletching
19:44 Horse Collar
20:14 Crossbowman
22:14 Bodkin Arrow
randomsharky
5:35 Loom
8:35 Feudal Age
8:51 Man-at-Arms
10:22 Double-Bit Axe
12:29 Loom
13:47 Horse Collar
17:14 Fletching
23:01 Castle Age
21:39 Padded Archer Armor
Connection lost

Rejoining the realm…

Still unreachable

The connection could not be restored.

Session expired

The server has moved on; the page needs a fresh start.